AoeStats
← [Massa] Edo

Arena

504332937Analyzed
2v2 RM · 28d ago on Sep 4, 2026· 45m 3s· 4 players
Game mode
Random Map
Map size
Medium (4 player)
Population
200
Speed
Normal
Resources
Standard
Victory
Conquest
Starting age
Dark Age
Ending age
Imperial Age
RankedLock teamsTeams togetherTeam positionsShared explorationLock speedFull tech treeHidden civsTurbo modeCheats
Victory
Defeat
🇨🇳 Italians · China
1539
+12
🇦🇷 Teutons · Argentina
1521
+13
🇧🇷 Goths · Brazil
1464
-13
🇧🇷 Gurjaras · Brazil
1448
-12
[Massa] Edo
0:28 Loom
8:51 Feudal Age
8:56 Man-at-Arms
9:50 Double-Bit Axe
13:06 Horse Collar
18:14 Wheelbarrow
21:23 Castle Age
20:09 Gold Mining
21:22 Fletching
22:21 Bow Saw
22:13 Bodkin Arrow
32:20 Imperial Age
30:25 Heavy Plow
31:14 Stone Mining
31:32 Anarchy
31:33 Scale Mail Armor
32:39 Squires
34:17 Chemistry
35:04 Padded Archer Armor
42:23 Two-Man Saw
43:34 Bracer
43:48 Elite Skirmisher
45:03 Leather Archer Armor
tg
10:05 Feudal Age
10:36 Loom
15:09 Castle Age
13:15 Double-Bit Axe
27:06 Bow Saw
26:37 Horse Collar
27:37 Heavy Plow
28:35 Gold Mining
28:35 Stone Mining
31:54 Wheelbarrow
31:05 Town Watch
33:55 Hand Cart
37:33 Imperial Age
35:18 Fletching
35:33 Stone Mining
36:19 Gold Shaft Mining
37:23 Thumb Ring
37:14 Bodkin Arrow
37:19 Padded Archer Armor
37:38 Elite Elephant Archer
38:20 Bracer
38:41 Ballistics
39:22 Chemistry
38:21 Crossbowman
39:25 Husbandry
40:05 Light Cavalry
42:12 Bloodlines
44:11 Scale Barding Armor
43:49 Hussar
44:17 Elite Skirmisher
天崩地裂
6:13 Loom
8:21 Feudal Age
8:59 Double-Bit Axe
14:06 Fletching
20:59 Town Watch
26:51 Castle Age
27:23 Scale Barding Armor
27:29 Bodkin Arrow
28:06 Scale Barding Armor
28:58 Guard Tower
31:29 Wheelbarrow
31:15 Bow Saw
34:02 Horse Collar
41:06 Imperial Age
38:44 Gold Mining
39:15 Chain Barding Armor
39:38 Heavy Plow
40:18 Forging
40:00 Stone Mining
41:19 Stone Shaft Mining
41:16 Hand Cart
41:13 Bloodlines
42:33 Plate Barding Armor
41:44 Cavalier
43:49 Two-Man Saw
43:07 Paladin
45:23 Iron Casting
带带萌新
10:13 Feudal Age
9:21 Loom
12:43 Fletching
12:47 Double-Bit Axe
13:53 Town Watch
20:27 Castle Age
18:54 Stone Mining
29:43 Imperial Age
27:03 Horse Collar
28:48 Wheelbarrow
31:29 Chemistry
33:32 Padded Archer Armor
35:23 Conscription
36:12 Bloodlines
35:42 Light Cavalry
37:07 Husbandry
37:22 Hussar
38:49 Gold Mining
39:11 Bodkin Arrow
39:32 Leather Archer Armor
39:38 Ballistics
39:30 Thumb Ring
40:08 Bracer
40:46 Hussar
42:19 Bow Saw
43:09 Elite Genoese Crossbowman
44:52 Bombard Tower
44:54 Hand Cart
45:24 Ring Archer Armor
44:59 Scale Barding Armor
Connection lost

Rejoining the realm…

Still unreachable

The connection could not be restored.

Session expired

The server has moved on; the page needs a fresh start.